 Dungeon Crawl Stone Soup version 0.31-a0-408-gb642c7f9a3 (webtiles) character file.

Game seed: 2059678381797811468

63 horus123 the Magician (level 3, -1/26 HPs)
             Began as a Draconian Air Elementalist on July 30, 2023.
             Slain by Grinder (3 damage)
             ... while paralysed by Grinder
             ... on level 3 of the Dungeon.
             The game lasted 00:03:35 (2871 turns).

horus123 the Magician (Draconian Air Elementalist)  Turns: 2871, Time: 00:03:36

Health: -1/26      AC:  7    Str: 10    XL:     3   Next: 89%
Magic:  3/8        EV:  2    Int: 17    God:
Gold:   108        SH:  0    Dex: 11    Spells: 7/10 levels left

rFire   . . .        (no weapon)
rCold   . . .        (no shield)
rNeg    . . .        (body armour unavailable)
rPois   .            (helmet restricted)
rElec   .            b - +0 cloak
rCorr   .            h - +0 pair of gloves
SInv    .            (no boots)
Will    .....        (no amulet)
Stlth   ++           (no ring)
HPRegen 0.24/turn    (no ring)
MPRegen 0.11/turn

%: no passive effects
@: paralysed
A: AC +5, unfitting armour, cold-blooded
a: no special abilities


You were on level 3 of the Dungeon.
You visited 1 branch of the dungeon, and saw 3 of its levels.

You collected 108 gold pieces.

Inventory:

Armour
 b - a +0 cloak (worn)
 h - a +0 pair of gloves (worn)
Scrolls
 e - a scroll of poison {unknown}
 f - 2 scrolls of vulnerability {unknown}
 i - a scroll of teleportation {unknown}
 k - a scroll of brand weapon {unknown}
 l - 2 scrolls of identify {unknown}
Potions
 a - a potion of magic
 c - 2 potions of might {unknown}
 d - a potion of berserk rage {unknown}
 g - 2 potions of brilliance {unknown}
 j - a potion of degeneration {unknown}


   Skills:
 - Level 1.7 Dodging
 - Level 1.7 Stealth
 - Level 4.0 Spellcasting
 - Level 1.0 Conjurations
 + Level 0.1 Fire Magic
 - Level 3.0 Air Magic


You had 7 spell levels left.
You knew the following spells:

 Your Spells              Type           Power      Damage    Failure   Level
a - Shock                 Conj/Air       40%        1d5       7%          1
b - Scorch                Fire           6%         2d5       22%         2

Your spell library contained the following spells:

 Spells                   Type           Power      Damage    Failure   Level
 Static Discharge         Conj/Air       20%        2-3/arc   11%         2
 Swiftness                Air            13%        N/A       14%         3
 Airstrike                Air            6%         2d(1-17)  41%         4
 Flame Wave               Conj/Fire      5%         2d5       77%         4
 Summon Cactus Giant      Summ           1%         N/A       100%        6


Dungeon Overview and Level Annotations

Branches:
Dungeon (3/15)

Altars:

Shops:
D:3 (

Annotations:
D:3 Grinder


Innate Abilities, Weirdness & Mutations

Your plain brown scales are hard. (AC +5)
You cannot fit into any form of body armour.
You are cold-blooded and may be slowed by cold attacks.


Message History

Found a kobold skeleton.
Found 5 stones.
Found Urenocaf's Antique Weapon Shop.
f - 2 scrolls labelled KASIRU FOISKA (gained 1) Grinder comes into view.
Found a merfolk skeleton.
Grinder shouts!
The zap misses Grinder.
You miscast Shock.
You are very lightly contaminated with residual magic.
Nothing appears to happen.
The zap hits Grinder.
Grinder is lightly wounded.
Grinder says, "Don't move a muscle."
Grinder blinks!
The zap hits Grinder but does no damage.
Grinder is lightly wounded.
A dart slug comes into view.
Grinder completely misses you.
The zap hits Grinder.
Grinder is lightly wounded.
Grinder barely misses you.
An orc comes into view. It is wielding a +0 short sword.
The zap hits Grinder.
Grinder is lightly wounded.
The orc shouts!
Grinder gestures at you.
You suddenly lose the ability to move!
Grinder hits you but does no damage. Grinder hits you. Grinder gestures at you.
Pain shoots through your body!
Your magical contamination has completely faded away.
The dart slug launches a dart at you. The slug dart hits you.
* * * LOW HITPOINT WARNING * * *
Grinder hits you.
* * * LOW HITPOINT WARNING * * *
You writhe in agony.
You die...

#....##
#.....##
#......#
#####..##
#...########
#.#........##
#.##.........
#.....5......
##...@..o....
#...........
#..(...###..
#......#÷#..
#.#....###.#
#......w...#
##...###.∩.#
#...#÷#....


You could see Grinder, a dart slug and an orc.

Vanquished Creatures
  An adder (D:2)
  A worm (D:2)
  A dart slug (D:1)
  7 endoplasms
  2 giant cockroaches (D:2)
  2 goblins
  5 hobgoblins
  3 jackals (D:1)
  5 kobolds
  3 quokkas
  4 ball pythons
  5 bats
  2 frilled lizards
  6 rats
47 creatures vanquished.

Notes
Turn   | Place    | Note
-------+----------+-------------------------------------------
     0 | D:1      | horus123 the Draconian Air Elementalist began the quest for
                  | the Orb.
     0 | D:1      | Reached XP level 1. HP: 14/14 MP: 3/3
   436 | D:1      | Reached XP level 2. HP: 20/20 MP: 2/5
   696 | D:1      | Reached skill level 3 in Spellcasting
  1070 | D:2      | Reached XP level 3. HP: 26/26 MP: 3/7
  1949 | D:2      | Learned a level 2 spell: Scorch
  2453 | D:2      | Reached skill level 4 in Spellcasting
  2482 | D:2      | Found a faded altar of an unknown god.
  2859 | D:3      | Found Urenocaf's Antique Weapon Shop.
  2861 | D:3      | Noticed Grinder
  2867 | D:3      | Paralysed by Grinder for 5 turns
  2871 | D:3      | Slain by Grinder

Illustrated notes

Levels and vault maps discovered:
D:1:      roderic_dead_forest, layout_loops_cross
D:2:      layout_basic, dreamdust_ecumenical_altar_grove,
          minmay_misc_feat_secret_circle, minmay_tromino_v4_c
D:3:      layout_rooms, serial_shops, nicolae_shop_gibbet_a_chance, uniq_grinder

Skill      XL: |  1  2  3 |
---------------+----------+-----
Spellcasting   | 3 4 |  4.0
Dodging        | |  1.7
Stealth        | |  1.7
Conjurations   | |  1.0
Fire Magic     | |  0.1
Air Magic      | |  3.0

Action                     || total
---------------------------++-------
  Melee: Unarmed           ||    12
         Tailslap          ||     1
   Cast: Shock             ||   116
 Armour: Skin              ||    16
  Dodge: Dodged            ||    35

Table legend: (Time is in decaauts)
 A = Elapsed time spent in this place.
 B = Non-inter-level travel time spent in this place.
 C = Inter-level travel time spent in this place.
 D = Time resting spent in this place.
 E = Time spent auto-exploring this place.
 F = Levels seen in this place.
 G = Mean time per level.
                   A        B        C        D        E       F      G
               +--------+--------+--------+--------+--------+-----+--------+
         Total |   2871 |   2833 |     38 |    679 |   1868 |   3 |  957.0 |
       Dungeon |   2871 |   2833 |     38 |    679 |   1868 |   3 |  957.0 |
               +--------+--------+--------+--------+--------+-----+--------+

Top non-repeatable levels by time:
     D:2: 1563 daAuts
     D:1: 1230 daAuts
     D:3: 77 daAuts
